 Dungeon Crawl Stone Soup version 0.23.2-1-ga50397a (webtiles) character file.

Game seed: 7686297945180002314

760 Fang the Skirmisher (level 7, 0/44 HPs)
             Began as a Gargoyle Berserker on May 7, 2019.
             Was a Believer of Trog.
             Slain by an orc
             ... wielding a +0 club
              (1 damage)
             ... on level 4 of the Dungeon on May 8, 2019.
             The game lasted 00:04:17 (3563 turns).

Fang the Skirmisher (Gargoyle Berserker)            Turns: 3563, Time: 00:04:18

Health: 0/44       AC: 19    Str: 23    XL:     7   Next: 80%
Magic:  7/7        EV:  8    Int:  7    God:    Trog [**....]
Gold:   129        SH:  2    Dex:  9    Spells: 6/6 levels left

rFire    . . .     SeeInvis .   a - +0 hand axe
rCold    . . .     Gourm    .   (no shield)
rNeg     + . .     Faith    .   b - +0 plate armour
rPois    ∞         Spirit   .   (no helmet)
rElec    +         Reflect  +   (no cloak)
rCorr    .         Harm     .   (no gloves)
MR       .....                  (no boots)
Stlth    ..........             q - +2 amulet of reflection
HPRegen  0.14/turn              m - +2 ring of protection
MPRegen  0.10/turn              (no ring)

@: berserk cooldown, slowed, very slow
A: negative energy resistance 1, electricity resistance, unbreathing,
petrification resistance, rot immunity, AC +4
a: Berserk, Trog's Hand, Renounce Religion


You were on level 4 of the Dungeon.
You worshipped Trog.
Trog was pleased with you.
You were hungry.

You visited 1 branch of the dungeon, and saw 4 of its levels.

You collected 129 gold pieces.

Inventory:

Hand Weapons
 a - a +0 hand axe (weapon)
Armour
 b - a +0 plate armour (worn)
Jewellery
 m - a +2 ring of protection (left hand)
 q - a +2 amulet of reflection (around neck)
Wands
 r - a wand of random effects (18)
Scrolls
 d - 2 scrolls of immolation {unknown}
 e - a scroll of fear {unknown}
 f - 3 scrolls of enchant weapon {unknown}
 g - 7 scrolls of identify {unknown}
 h - a scroll of fog {unknown}
 n - a scroll of remove curse {unknown}
 o - 4 scrolls of teleportation {unknown}
 p - a scroll of amnesia {unknown}
 s - a scroll of blinking {unknown}
 u - a scroll of noise {unknown}
Potions
 j - a potion of berserk rage {unknown}
 k - a potion of lignification {unknown}
 l - a potion of mutation {unknown}
 t - a potion of heal wounds {unknown}
Comestibles
 c - 6 rations


   Skills:
 + Level 5.6 Fighting
 + Level 4.6 Axes
 + Level 5.0 Armour
 + Level 3.7 Dodging


You had 6 spell levels left.
You didn't know any spells.
Your spell library was empty.

Dungeon Overview and Level Annotations

Branches:
Dungeon (4/15)
 Temple: D:4-7

Altars:

Annotations:
D:4 Ijyb


Innate Abilities, Weirdness & Mutations

You are resistant to torment.
Your stone body is resilient. (AC +4)
You are immune to poison.
You resist negative energy. (rN+)
You are resistant to electric shocks. (rElec)
You can survive without breathing.
You are immune to petrification.
You are immune to rotting.


Message History

Your plate armour prevents you from hitting the orc.
The howler monkey barely misses you.
The orc wizard hits you but does no damage.
The orc hits you but does no damage. x3; The ooze barely misses you.
The howler monkey hits you but does no damage.
The orc wizard barely misses you. The orc hits you but does no damage.
You are too injured to fight recklessly!
You are too injured to fight recklessly!
You hit the howler monkey.
The howler monkey is lightly wounded.
You hit the orc but do no damage. You hit the ooze.
You kill the ooze!
Trog accepts your kill.
You hit the orc.
You kill the orc!
Trog accepts your kill.
You hit the orc wizard. You completely miss the orc.
The howler monkey hoots and howls with incredible vigour!
The orc hits you but does no damage. The orc hits you with a +0 club.
You die...

......................
#..#..................
#.###.................
...####...............
#..................... #
......†.......(.......
.....##..)......>.......
.....###)...............
......o@..............##
......oho............###
.......o...##..#..... #
.....(......#..##....###
...............##.......
..g.............#.......
........................
...................#.##.
......... #..##


You could see Ijyb, a howler monkey, an orc wizard and 3 orcs.

Vanquished Creatures
  Grinder (D:3)
  Sigmund (D:3)
  An ogre (D:4)
  A crimson imp (D:3)
  An orc wizard (D:4)
  A bullfrog skeleton (D:2)
  An iguana (D:4)
  A worker ant (D:4)
  A hound skeleton (D:4)
  A gnoll (D:1)
  6 adders
  An ooze (D:4)
  3 worms
  2 dart slugs
  A leopard gecko (D:1)
  6 orcs
  2 ball pythons
  5 giant cockroaches
  8 goblins
  6 hobgoblins
  5 jackals (D:1)
  3 quokkas
  9 bats
  12 frilled lizards
  4 kobolds
  3 rats
86 creatures vanquished.

Notes
Turn   | Place    | Note
-------+----------+-------------------------------------------
     0 | D:1      | Fang the Gargoyle Berserker began the quest for the Orb.
     0 | D:1      | Reached XP level 1. HP: 14/14 MP: 1/1
    69 | D:1      | Reached XP level 2. HP: 5/19 MP: 2/2
   501 | D:1      | Reached XP level 3. HP: 22/23 MP: 3/3
   696 | D:1      | Reached ** piety under Trog
  1316 | D:2      | Reached XP level 4. HP: 28/29 MP: 4/4
  1691 | D:2      | Reached XP level 5. HP: 28/33 MP: 5/5
  2100 | D:3      | Reached *** piety under Trog
  2336 | D:3      | Noticed Grinder
  2337 | D:3      | Paralysed by Grinder for 6 turns
  2350 | D:3      | Killed Grinder
  2350 | D:3      | Reached XP level 6. HP: 40/40 MP: 6/6
  2759 | D:3      | Noticed Sigmund
  2780 | D:3      | Killed Sigmund
  2780 | D:3      | Reached skill level 5 in Fighting
  2780 | D:3      | Reached XP level 7. HP: 39/44 MP: 7/7
  3554 | D:4      | HP: 3/66 [ogre/+0 giant club (19)]
  3555 | D:4      | Reached skill level 5 in Armour
  3557 | D:4      | HP: 1/66 [ooze (3)]
  3561 | D:4      | Noticed Ijyb
  3563 | D:4      | Slain by an orc

Skill      XL: |  1  2  3  4  5  6  7 |
---------------+----------------------+-----
Axes           | 3 4 |  4.6
Dodging        | 2 3 |  3.7
Armour         | 3 4 5 |  5.0
Fighting       | 4 5 |  5.6

Action                   |  1- 3 |  4- 6 |  7- 9 || total
-------------------------+-------+-------+-------++-------
Melee: Hand axe          |   130 |   152 |    63 ||   345
Invok: Berserk           |       |     2 |     1 ||     3
 Stab: Sleeping          |     2 |       |       ||     2
  Eat: Chunk             |     1 |     6 |     4 ||    11
Armor: Animal skin       |    44 |    62 |     7 ||   113
       Plate armour      |       |       |    58 ||    58
Dodge: Dodged            |    72 |   105 |    51 ||   228
Block: Other             |       |       |     8 ||     8
